AoeStats
← Kez

Arena

505882965Analyzed
1v1 RM · 21d ago on Sep 11, 2026· 41m 46s· 2 players
Game mode
Random Map
Map size
Tiny (2 player)
Population
200
Speed
Normal
Resources
Standard
Victory
Conquest
Starting age
Dark Age
Ending age
Imperial Age
RankedLock teamsTeams togetherTeam positionsShared explorationLock speedFull tech treeHidden civsTurbo modeCheats
Victory
Defeat
🇳🇱 Aztecs · Netherlands
1252
+15
🇩🇪 Burgundians · Germany
1226
-15
xXGooDBoyZzXx
3:11 Double-Bit Axe
6:42 Horse Collar
11:02 Feudal Age
12:32 Bow Saw
12:34 Heavy Plow
16:12 Gold Mining
18:44 Castle Age
17:27 Scale Barding Armor
17:33 Forging
18:57 Fletching
20:47 Two-Man Saw
19:53 Cavalier
20:34 Husbandry
21:19 Iron Casting
22:20 Elite Skirmisher
24:32 Wheelbarrow
26:46 Loom
33:53 Light Cavalry
Kez
9:58 Feudal Age
14:25 Castle Age
12:50 Double-Bit Axe
13:07 Loom
16:16 Wheelbarrow
15:41 Gold Mining
17:04 Pikeman
30:42 Fervor
32:44 Redemption
33:48 Sanctity
35:11 Horse Collar
41:34 Imperial Age
40:02 Town Watch
40:20 Squires
41:42 Scale Mail Armor
Connection lost

Rejoining the realm…

Still unreachable

The connection could not be restored.

Session expired

The server has moved on; the page needs a fresh start.